 Dungeon Crawl Stone Soup version 0.19-a0-1072-g3763c35 (webtiles) character file.

137 Jarlath the Magician (level 5, -6/31 HPs)
             Began as a High Elf Ice Elementalist on Aug 5, 2016.
             Killed by divine providence
             ... invoked by an orc priest
              (20 damage)
             ... on level 4 of the Dungeon.
             The game lasted 00:04:16 (3357 turns).

Jarlath the Magician (High Elf Ice Elementalist)    Turns: 3357, Time: 00:04:17

Health: -6/31      AC:  2    Str:  7    XL:     5   Next: 0%
Magic:  13/13      EV: 13    Int: 20    God:
Gold:   163        SH:  0    Dex: 15    Spells: 3 memorised, 7 levels left

rFire  . . .     SeeInvis .     j - -3 dagger (curse)
rCold  . . .     Gourm    .     a - +0 robe
rNeg   . . .     Faith    .     (no shield)
rPois  .         Spirit   .     (no helmet)
rElec  +         Dismiss  .     (no cloak)
rCorr  .         Reflect  .     (no gloves)
SustAt .         Harm     +     (no boots)
MR     .....                    m - amulet of harm
Stlth  ++........               (no ring)
                                (no ring)

@:
A: blurry vision 1, screaming 1, electricity resistance
a: no special abilities


You were on level 4 of the Dungeon.
You were not hungry.

You visited 1 branch of the dungeon, and saw 4 of its levels.

You collected 163 gold pieces.

Inventory:

Hand Weapons
 j - a cursed -3 dagger (weapon)
 l - a +3 dagger
Armour
 a - a +0 robe (worn)
Jewellery
 m - an amulet of harm (around neck)
Scrolls
 n - a scroll of enchant weapon
Potions
 e - 2 potions of curing
 i - 2 potions of berserk rage
 k - a potion of flight
Books
 b - a book of Frost

   Spells                             Type                      Level
   a - Freeze                         Ice                          1
   b - Throw Frost                    Conjuration/Ice              2
   c - Ozocubu's Armour               Charms/Ice                   3
   d - Throw Icicle                   Conjuration/Ice              4
   e - Summon Ice Beast               Ice/Summoning                4
Comestibles
 c - 2 bread rations
 f - 2 beef jerkies
 g - a meat ration
 h - a chunk of flesh


   Skills:
 - Level 2.5 Dodging
 - Level 2.4 Stealth
 + Level 4.8 Spellcasting
 - Level 1.1 Conjurations
 - Level 3.8 Ice Magic


You had 7 spell levels left.
You knew the following spells:

 Your Spells              Type           Power        Failure   Level  Hunger
a - Freeze                Ice            ###.         2%          1    None
b - Ozocubu's Armour      Chrm/Ice       ##......     17%         3    ##.....
c - Throw Frost           Conj/Ice       ##....       10%         2    #......


Dungeon Overview and Level Annotations

Branches:
Dungeon (4/15)
 Temple: D:4-7

Altars:
Cheibriados
Trog


Innate Abilities, Weirdness & Mutations

Scrolls take you a little longer to read.
You occasionally shout uncontrollably at your foes.
You are resistant to electric shocks. (rElec)


Message History

You have reached level 5!
There is a bloodstained altar of Trog here.
There is a stone staircase leading down here.
You begin reading the scroll.
You continue reading the scroll.
As you read the scroll of identify, it crumbles to dust.
n - a scroll of enchant weapon You climb downwards.
An adder and an orc priest come into view.
Found a scroll of identify.
Found a stone staircase leading up.
An orc and an orc priest come into view.
There is a stone staircase leading up here.
An orc comes into view. It is wielding a mace.
The orc priest calls down the wrath of Beogh upon you.
Beogh smites you!
A worker ant comes into view.
The worker ant moves out of view.
The orc priest mumbles some strange prayers to Beogh against you.
Beogh smites you!
Ouch! That really hurt!
You die...

# #### . ....
#. #..# #.# #..
#...#..
..#...#.####.#.
...............
#@#
#<.............
.....##........
..oo #.###...#
.o. ... ..? #
.. #.# .. .. .
#.# S ... ...
...Z


You could see an orc priest, an adder (sleeping) and 2 orcs.

Vanquished Creatures
  A gnoll (D:3)
  3 adders
  2 oozes
  A dart slug (D:1)
  A giant gecko (D:2)
  10 orcs
  4 bats
  2 giant cockroaches
  8 goblins
  10 hobgoblins
  9 jackals
  A ball python (D:2)
  3 giant newts
  9 kobolds
  7 rats
71 creatures vanquished.

Notes
Turn   | Place    | Note
-------+----------+-------------------------------------------
     0 | D:1      | Jarlath the High Elf Ice Elementalist began the quest for the Orb.
     0 | D:1      | Reached XP level 1. HP: 11/11 MP: 4/4
   449 | D:1      | Reached XP level 2. HP: 17/17 MP: 4/6
   812 | D:1      | Reached XP level 3. HP: 18/21 MP: 5/8
   817 | D:1      | Learned a level 3 spell: Ozocubu's Armour
  1148 | D:2      | Reached skill level 3 in Spellcasting
  1631 | D:2      | Learned a level 2 spell: Throw Frost
  1998 | D:2      | Reached XP level 4. HP: 26/27 MP: 0/10
  2276 | D:3      | Found a bloodstained altar of Trog.
  2558 | D:3      | Found a snail-covered altar of Cheibriados.
  2580 | D:3      | Gained mutation: Scrolls take you a little longer to read. [potion of mutation]
  2580 | D:3      | Gained mutation: You occasionally shout uncontrollably at your foes. [potion of mutation]
  2580 | D:3      | Gained mutation: You are resistant to electric shocks. (rElec) [potion of mutation]
  2583 | D:3      | Reached skill level 4 in Spellcasting
  3341 | D:3      | Reached XP level 5. HP: 24/31 MP: 11/13
  3357 | D:4      | Killed from afar by an orc priest

Vault maps used:
D:1:      evilmike_arrival_rings, kennysheep_another_room, minivault_26,
          minmay_misc_feat_iff
D:3:      nicolae_overflow_crystal_walls, lemuel_crystal_altar
D:4:      first_bread, uniq_robin, uniq_edmund

Skill      XL: |  1  2  3  4 |
---------------+-------------+-----
Spellcasting   | 3 4 |  4.8
Dodging        | |  2.5
Stealth        | |  2.4
Conjurations   | |  1.1
Ice Magic      | |  3.8

Action                   |  1- 3 |  4- 6 || total
-------------------------+-------+-------++-------
Melee: Unarmed           |     7 |       ||     7
       Dagger            |     5 |    10 ||    15
 Cast: Freeze            |    53 |    23 ||    76
       Throw Frost       |     9 |    26 ||    35
  Use: Potion            |     1 |     2 ||     3
       Scroll            |     3 |     5 ||     8
 Stab: Distracted        |     1 |       ||     1
  Eat: Bread ration      |     1 |       ||     1
       Chunk             |       |     2 ||     2
       Beef jerky        |       |     1 ||     1
Armor: Robe              |    14 |     6 ||    20
Dodge: Dodged            |    40 |    30 ||    70
